 Dungeon Crawl Stone Soup version 0.29.1-12-g30fa7ad0bf (webtiles) character file.

Game seed: 16043976633105700389

6 FexLirch the Grasshopper (level 1, -1/19 HPs)
             Began as a Naga Warper on Jan 3, 2023.
             Slain by a quokka (4 damage)
             ... on level 1 of the Dungeon.
             The game lasted 00:00:20 (391 turns).

FexLirch the Grasshopper (Naga Warper)               Turns: 391, Time: 00:00:20

Health: -1/19      AC:  1    Str: 13    XL:     1   Next: 90%
Magic:  3/3        EV:  9    Int: 13    God:
Gold:   13         SH:  0    Dex: 10    Spells: 4/4 levels left

rFire   . . .      SeeInvis +   a - +0 hand axe
rCold   . . .      Faith    .   (no shield)
rNeg    . . .      Spirit   .   b - +0 leather armour
rPois   +          Reflect  .   (no helmet)
rElec   .          Harm     .   (no cloak)
rCorr   .          Rampage  .   (no gloves)
Will    .....                   (no barding)
Stlth   +.........              (no amulet)
HPRegen 0.06/turn               (no ring)
MPRegen 0.08/turn               (no ring)

@: very slow
A: AC +0, large, see invisible, deformed body, poison resistance, slowness 2,
spit poison 1, naga tail 1
a: Spit Poison


You were on level 1 of the Dungeon.
You visited 1 branch of the dungeon, and saw 1 of its levels.

You collected 13 gold pieces.

Inventory:

Hand Weapons
 a - a +0 hand axe (weapon)
Missiles
 d - 7 boomerangs of dispersal (quivered)
Armour
 b - a +0 leather armour (worn)
Scrolls
 c - a scroll of blinking
 e - 2 scrolls of identify {unknown}
Potions
 f - a potion of resistance {unknown}


   Skills:
 + Level 2.2 Fighting
 * Level 2.4 Axes
 - Level 0.8 Throwing
 - Level 0.7 Armour
 - Level 1.5 Dodging
 - Level 2.0 Spellcasting
 - Level 3.0 Translocations


You had 4 spell levels left.
You didn't know any spells.
Your spell library contained the following spells:

 Spells                   Type           Power      Damage    Failure   Level
 Blink                    Tloc           18%        N/A       14%         2
 Gell's Gravitas          Tloc           9%         N/A       28%         3
 Lesser Beckoning         Tloc           9%         N/A       28%         3
 Teleport Other           Tloc           9%         N/A       28%         3
 Manifold Assault         Tloc           9%         N/A       95%         5


Dungeon Overview and Level Annotations

Branches:
Dungeon (1/15)

Altars:


Innate Abilities, Weirdness & Mutations

Your serpentine skin is tough. (AC +0)
You have supernaturally acute eyesight. (SInv)
Armour fits poorly on your strangely shaped body.
Your system is resistant to poisons. (rPois)
You cover ground very slowly.
You can spit poison.
You have a snake-like lower body.


Message History

You hit the rat.
The rat is moderately wounded.
The rat bites you.
There are monsters nearby!
You hit the rat but do no damage.
The rat is moderately wounded.
The rat bites you. The rat barely misses you.
There are monsters nearby!
You hit the rat.
The rat is severely wounded.
The rat bites you.
There are monsters nearby!
You closely miss the rat.
The rat is severely wounded.
The rat closely misses you.
You hit the rat but do no damage.
The rat is severely wounded.
The rat closely misses you.
There are monsters nearby!
You hit the rat.
You kill the rat!
A quokka is nearby!
You completely miss the quokka. The quokka bites you.
A quokka is nearby!
You are too injured to fight recklessly!
A quokka is nearby!
You are too injured to fight recklessly!
A quokka is nearby!
You are too injured to fight recklessly!
You hit the quokka but do no damage. The quokka closely misses you.
The quokka bites you.
You hit the quokka but do no damage. The quokka closely misses you.
You barely miss the quokka. The quokka bites you.
* * * LOW HITPOINT WARNING * * *
The quokka completely misses you.
You barely miss the quokka.
A bat comes into view.
The quokka barely misses you.
You miss the quokka. The quokka bites you.
You die...

#.####....###....~~.....
##......................
.................~....~.
########................
##.#.............
##.#.#..........
##..#####...### ##.#
#+## #@# #r# #b# #.# #..
#.. #.# #.#


You could see a quokka and a bat.

Vanquished Creatures
  A bat (D:1)
  2 ball pythons (D:1)
  2 kobolds (D:1)
  A rat (D:1)
6 creatures vanquished.

Notes
Turn   | Place    | Note
-------+----------+-------------------------------------------
     0 | D:1      | FexLirch the Naga Warper began the quest for the Orb.
     0 | D:1      | Reached XP level 1. HP: 19/19 MP: 3/3
   391 | D:1      | Slain by a quokka

Illustrated notes

Levels and vault maps discovered:
D:1:      dpeg_arrival_renting, layout_loops_corners,
          shapermc_ecumenical_altar_rom_forum, skrybe_limestone_x

Action                   || total
-------------------------++-------
Melee: Hand axe          ||    24
Armor: Leather armour    ||     3
Dodge: Dodged            ||    15
